 Dungeon Crawl Stone Soup version 0.19.0-16-g73b5abf (webtiles) character file.

3602 grisgris the Thaumaturge (level 9, -17/47 HPs)
             Began as a Deep Elf Fire Elementalist on Nov 8, 2016.
             Demolished by Grum
             ... wielding a -1 halberd
              (18 damage)
             ... on level 8 of the Dungeon on Nov 10, 2016.
             The game lasted 00:30:58 (8037 turns).

grisgris the Thaumaturge (DEFE)                     Turns: 8037, Time: 00:30:59

Health: -17/47     AC:  7    Str:  5    XL:     9   Next: 86%
Magic:  0/36       EV: 15    Int: 24    God:
Gold:   470        SH:  0    Dex: 15    Spells: 4 memorised, 18 levels left

rFire  + . .     SeeInvis .     v - +1 short sword (elec)
rCold  . . .     Gourm    +     t - +2 robe {rF+}
rNeg   . . .     Faith    .     (no shield)
rPois  .         Spirit   .     (no helmet)
rElec  .         Reflect  .     (no cloak)
rCorr  .         Harm     .     o - +1 pair of gloves
MR     .....                    y - +0 pair of boots
Stlth  ++........               u - amulet of the gourmand
                                x - ring of magical power
                                l - +2 ring of evasion

@: very slightly contaminated
A: no striking features
a: no special abilities


You were on level 8 of the Dungeon.
You were full.

You visited 1 branch of the dungeon, and saw 8 of its levels.

You collected 470 gold pieces.

Inventory:

Hand Weapons
 v - a +1 short sword of electrocution (weapon)
Armour
 o - a +1 pair of gloves (worn)
 t - a +2 robe of fire resistance (worn)
 y - a +0 pair of boots (worn)
Jewellery
 l - a +2 ring of evasion (left hand)
 u - an amulet of the gourmand (around neck)
 x - a ring of magical power (right hand)
 B - an uncursed amulet of guardian spirit
Wands
 h - a wand of digging (12/24)
 z - a wand of flame (29/48)
Scrolls
 a - 3 scrolls of remove curse
 d - 3 scrolls of recharging
 n - a scroll of blinking
Potions
 e - a potion of cure mutation
 j - 2 potions of brilliance
 k - a potion of resistance
 m - 3 potions of flight
 p - a potion of agility
 s - 2 potions of degeneration {unknown}
 w - a potion of ambrosia {unknown}
 A - a potion of curing
Books
 b - a book of Flames

   Spells                             Type                      Level
   a - Flame Tongue                   Conjuration/Fire             1
   b - Throw Flame                    Conjuration/Fire             2
   c - Conjure Flame                  Conjuration/Fire             3
   d - Inner Flame                    Hexes/Fire                   3
   e - Sticky Flame                   Conjuration/Fire             4
   f - Fireball                       Conjuration/Fire             5
Comestibles
 c - 3 bread rations
 f - 2 royal jellies
 g - a beef jerky
 q - 2 meat rations
 r - 3 fruits


   Skills:
 - Level 1.0 Fighting
   Level 0.1 Maces & Flails
 - Level 2.4 Dodging
 - Level 2.4 Stealth
 * Level 12.4 Spellcasting
 * Level 8.7 Conjurations
 * Level 8.1 Fire Magic


You had 18 spell levels left.
You knew the following spells:

 Your Spells              Type           Power        Failure   Level  Hunger
a - Throw Flame           Conj/Fire      ######       1%          2    None
b - Sticky Flame          Conj/Fire      ######..     1%          4    None
c - Conjure Flame         Conj/Fire      ######..     1%          3    None
d - Fireball              Conj/Fire      ######....   3%          5    ###....


Dungeon Overview and Level Annotations

Branches:
Dungeon (8/15)
 Temple: D:4-7         Lair: D:8-11

Altars:
Ashenzari
Cheibriados
Kikubaaqudgha

Shops:
D:5 (

Annotations:
D:6 Sar's ghost, novice HaSu
D:8 Grum


Message History

Casting: Fireball
Confirm with . or Enter, or press ? or * to list all spells.
You don't have enough magic to cast that spell.
The wolf burns!
You kill the wolf!
Grum barely misses you.
You closely miss Grum.
Grum is severely wounded.
Grum hits you with a halberd!
* * * LOW HITPOINT WARNING * * *
Casting: Fireball
Confirm with . or Enter, or press ? or * to list all spells.
Aiming: Throw Flame
Press: ? - help, Shift-Dir - straight line, f - Grum
Aim: Grum, wielding a halberd and wearing an animal skin (severely wounded)
The puff of flame hits Grum.
Grum is almost dead.
Grum stares intently and snarls.
Grum hits you with a halberd!!
You die...

..###.............##.. #.....
...........#.......... ##....
..........# #........## ##....
.....#....# #........### ##.....
.........# #..........###......
...).....# #....##......h.....
........(# ##......##..........
...[..).### ##..................#
.))..##.†(###...@g.....###.....##
..... ####......[>)...## ##...##
.##.# ###..........# ##..# #.
#......###.# ##.# ## #.....## ###
### #.#...# ####.## ###


You could see Grum.

Vanquished Creatures
  Pikel (D:4)
  Grinder (D:3)
  A hornet (D:4)
  An orc warrior (D:4)
  An ice beast (D:5)
  A phantom (D:4)
  A sky beast (D:6)
  3 ogres
  3 wolves (D:8)
  A centaur (D:8)
  A crocodile (D:8)
  A big kobold (D:7)
  2 bullfrogs
  Blork the orc (D:4)
  4 scorpions
  4 killer bees (D:8)
  2 vampire bats (D:2)
  5 wights (D:8)
  2 crimson imps
  4 hounds
  An orc priest (D:4)
  Jessica (D:3)
  2 centaur skeletons
  4 orc wizards
  4 worker ants
  A killer bee zombie (D:8)
  7 adders
  An ooze (D:1)
  An adder zombie (D:5)
  2 adder skeletons
  6 worms
  4 dart slugs
  7 leopard geckos
  18 orcs
  5 bat skeletons (D:2)
  A bat zombie (D:2)
  2 giant cockroaches
  9 goblins
  8 hobgoblins
  19 jackals
  8 quokkas
  18 bats
  4 frilled lizards
  11 kobolds
  2 leopard gecko zombies
  11 rats
197 creatures vanquished.

Vanquished Creatures (others)
  A slave (D:4)
  A worm (D:4)
  An orc (D:4)
3 creatures vanquished.

Grand Total: 200 creatures vanquished

Notes
Turn   | Place    | Note
-------+----------+-------------------------------------------
     0 | D:1      | grisgris the Deep Elf Fire Elementalist began the quest for the Orb.
     0 | D:1      | Reached XP level 1. HP: 10/10 MP: 6/6
   226 | D:1      | Reached XP level 2. HP: 8/15 MP: 1/8
   390 | D:1      | Reached skill level 4 in Spellcasting
   613 | D:1      | Reached XP level 3. HP: 18/19 MP: 5/10
  1168 | D:2      | Reached skill level 5 in Spellcasting
  1466 | D:2      | Reached XP level 4. HP: 21/24 MP: 9/13
  1472 | D:2      | Learned a level 4 spell: Sticky Flame
  1911 | D:2      | Found an ancient bone altar of Kikubaaqudgha.
  1916 | D:2      | Reached XP level 5. HP: 25/28 MP: 4/15
  1925 | D:2      | Reached skill level 6 in Spellcasting
  2154 | D:2      | Learned a level 2 spell: Throw Flame
  2158 | D:2      | Learned a level 3 spell: Conjure Flame
  2419 | D:3      | Learned a level 5 spell: Fireball
  2441 | D:3      | Noticed Jessica
  2445 | D:3      | Killed Jessica
  2494 | D:3      | Reached skill level 1 in Fighting
  2580 | D:3      | Reached XP level 6. HP: 32/34 MP: 6/17
  2845 | D:3      | Found a faded altar of an unknown god.
  3213 | D:4      | Noticed Grinder
  3213 | D:4      | Noticed Pikel
  3213 | D:4      | Noticed a slave
  3213 | D:4      | Noticed a slave
  3213 | D:4      | Noticed a slave
  3213 | D:4      | Noticed a slave
  3218 | D:3      | Paralysed by Grinder for 4 turns
  3221 | D:3      | HP: 1/34 [Grinder/nerve-wracking pain (7)]
  3228 | D:3      | Paralysed by Grinder for 6 turns
  3236 | D:3      | Killed Grinder
  3236 | D:3      | Reached skill level 7 in Spellcasting
  3236 | D:3      | Reached XP level 7. HP: 19/38 MP: 2/20
  3419 | D:4      | Killed Pikel
  3419 | D:4      | Reached skill level 9 in Spellcasting
  3419 | D:4      | Reached skill level 5 in Conjurations
  3419 | D:4      | Reached XP level 8. HP: 8/43 MP: 13/23
  4002 | D:4      | Reached skill level 10 in Spellcasting
  4035 | D:4      | Upgraded the game from 0.19.0-11-g3fc08b3 to 0.19.0-16-g73b5abf
  4072 | D:4      | Reached skill level 5 in Fire Magic
  4216 | D:4      | Noticed Blork the orc
  4231 | D:4      | Killed Blork the orc
  4952 | D:4      | Noticed a hornet
  4955 | D:4      | Killed a hornet
  4955 | D:4      | Reached skill level 11 in Spellcasting
  5168 | D:5      | Entered Level 5 of the Dungeon
  5186 | D:5      | Found Finirpho's Antique Weapon Shoppe.
  5352 | D:5      | Found a snail-covered altar of Cheibriados.
  5401 | D:5      | Reached XP level 9. HP: 47/47 MP: 26/26
  5878 | D:6      | Found a shattered altar of Ashenzari.
  6193 | D:6      | Noticed Sar's ghost (novice HaSu)
  7911 | D:8      | Reached skill level 12 in Spellcasting
  7984 | D:8      | Noticed Grum
  8036 | D:8      | HP: 1/47 [Grum/halberd (14)]
  8037 | D:8      | Demolished by Grum

Skill      XL: |  1  2  3  4  5  6  7  8  9 |
---------------+----------------------------+-----
Spellcasting   | 4 5 6 7 9 11 12 | 12.4
Conjurations   | 2 3 4 5 7 8 |  8.7
Fighting       | 1 |  1.0
Fire Magic     | 4 6 8 |  8.1
Maces & Flails | |  0.1
Dodging        | |  2.4
Stealth        | |  2.4

Action                   |  1- 3 |  4- 6 |  7- 9 || total
-------------------------+-------+-------+-------++-------
Melee: Club              |    22 |       |       ||    22
       Short sword       |     6 |     2 |    40 ||    48
 Cast: Flame Tongue      |    81 |    52 |       ||   133
       Throw Flame       |       |    44 |   132 ||   176
       Sticky Flame      |       |     5 |    44 ||    49
       Fireball          |       |       |    18 ||    18
  Use: Scroll            |     4 |     6 |     7 ||    17
       Potion            |       |     2 |     9 ||    11
 Stab: Sleeping          |     3 |     1 |     4 ||     8
  Eat: Chunk             |     2 |    10 |    21 ||    33
       Fruit             |       |       |     1 ||     1
Armor: Robe              |    32 |    14 |    31 ||    77
Dodge: Dodged            |    83 |    31 |   126 ||   240
